 Dungeon Crawl Stone Soup version 0.28.0-43-g3370ac3207 (webtiles) character file.

Game seed: 16299026123146634462

186 Revguard the Conjurer (level 5, 0/41 HPs)
             Began as a Draconian Conjurer on Mar 15, 2022.
             Slain by an iguana (9 damage)
             ... on level 4 of the Dungeon.
             The game lasted 00:08:25 (2874 turns).

Revguard the Conjurer (Draconian Conjurer)          Turns: 2874, Time: 00:08:27

Health: 0/41       AC:  5    Str:  9    XL:     5   Next: 38%
Magic:  0/9        EV: 12    Int: 18    God:
Gold:   108        SH:  0    Dex: 12    Spells: 7/10 levels left

rFire   . . .      SeeInvis .     - Unarmed
rCold   . . .      Faith    .   (no shield)
rNeg    . . .      Spirit   .   (armour unavailable)
rPois   .          Reflect  .   (helmet restricted)
rElec   .          Harm     .   (no cloak)
rCorr   .          Rampage  .   (no gloves)
Will    .....                   (no boots)
Stlth   ++........              (no amulet)
HPRegen 0.13/turn               (no ring)
MPRegen 0.11/turn               (no ring)

@: no status effects
A: AC +5, unfitting armour, cold-blooded
a: no special abilities


You were on level 4 of the Dungeon.
You visited 1 branch of the dungeon, and saw 4 of its levels.

You collected 108 gold pieces.

Inventory:

Scrolls
 a - a scroll of identify


   Skills:
 + Level 2.1 Fighting
 + Level 2.6 Dodging
 - Level 1.7 Stealth
 + Level 1.9 Unarmed Combat
 * Level 3.2 Spellcasting
 + Level 4.6 Conjurations


You had 7 spell levels left.
You knew the following spells:

 Your Spells              Type           Power      Damage    Failure   Level
a - Magic Dart            Conj           76%        1d6       2%          1
b - Searing Ray           Conj           38%        2d5       3%          2

Your spell library contained the following spells:

 Spells                   Type           Power      Damage    Failure   Level
 Dazzling Flash           Conj/Hex       22%        N/A       19%         3
 Fulminant Prism          Conj/Hex       5%         3d7       52%         4
 Iskenderun's Mystic Bla  Conj/Tloc      11%        2d4       52%         4
 Conjure Ball Lightning   Conj/Air       5%         3x3d6     100%        6
 Discord                  Hex            1%         N/A       100%        8
 Disjunction              Tloc           1%         N/A       100%        8


Dungeon Overview and Level Annotations

Branches:
Dungeon (3/15)

Altars:


Innate Abilities, Weirdness & Mutations

Your plain brown scales are hard. (AC +5)
You cannot fit into any form of body armour.
You are cold-blooded and may be slowed by cold attacks.


Message History

An endoplasm comes into view.
An adder comes into view.
An endoplasm comes into view.
The adder moves out of view.
A ball python comes into view.
The ball python moves out of view.
You hear the slow rusting of a distant drain.
Casting: Magic Dart (safe; 2% risk of failure)
Confirm with . or Enter, or press ? or * to list all spells.
Aiming: Searing Ray (safe; 3% risk of failure)
Press: ? - help, Shift-Dir - straight line, f - iguana
Aim: an iguana (lightly wounded, 81% to hit)
The searing ray hits the kobold!
You kill the kobold!
The searing ray hits the iguana but does no damage.
The iguana is lightly wounded. (Press . to maintain the ray.)
The searing ray hits the iguana.
The iguana is moderately wounded.
The searing ray hits the iguana.
The iguana is heavily wounded.
The iguana bites you.
The searing ray hits the iguana.
The iguana is severely wounded.
You finish channelling your searing ray.
The iguana bites you but does no damage.
Aiming: Magic Dart (safe; 2% risk of failure)
Press: ? - help, Q - select action, (/) - cycle Shift-Dir - straight line, f/p - iguana
Aim: an iguana (severely wounded, 100% to hit)
The magic dart hits the iguana.
The iguana is almost dead.
The iguana bites you.
* * * LOW HITPOINT WARNING * * *
The iguana closely misses you.
Aiming: Magic Dart (safe; 2% risk of failure)
Press: ? - help, Q - select action, (/) - cycle Shift-Dir - straight line, f/p - iguana
Aim: an iguana (severely wounded, 100% to hit)
The magic dart hits the iguana but does no damage.
The iguana is severely wounded.
The iguana bites you!
You die...

.. ########.####
#.@...##....
#l###<##...# #.#
#.##...# #.#
#.##...## . #.#
#.##....##.. #.#
#........:S.
#.######.......#
#...>#
#..S##.$##
####.#
#...###..#


You could see an iguana.

Vanquished Creatures
  A phantom (D:4)
  An orc wizard (D:3)
  2 adders (D:2)
  A worm (D:2)
  A dart slug (D:1)
  4 orcs (D:3)
  3 endoplasms
  6 hobgoblins
  7 jackals (D:1)
  6 kobolds
  5 quokkas
  7 ball pythons
  5 bats
  2 frilled lizards (D:1)
  2 goblins (D:2)
  4 rats
57 creatures vanquished.

Notes
Turn   | Place    | Note
-------+----------+-------------------------------------------
     0 | D:1      | Revguard the Draconian Conjurer began the quest for the
                  | Orb.
     0 | D:1      | Reached XP level 1. HP: 14/14 MP: 3/3
   472 | D:1      | Reached XP level 2. HP: 22/22 MP: 3/5
   612 | D:1      | Found a faded altar of an unknown god.
   644 | D:1      | Learned a level 2 spell: Searing Ray
  1107 | D:1      | Reached skill level 1 in Fighting
  1341 | D:1      | Reached XP level 3. HP: 24/28 MP: 2/6
  1395 | D:1      | Reached skill level 1 in Unarmed Combat
  2256 | D:2      | Reached XP level 4. HP: 28/35 MP: 0/7
  2803 | D:3      | You fall into a shaft and drop 1 floor!
  2805 | D:4      | Noticed a phantom
  2814 | D:4      | Killed a phantom
  2815 | D:4      | Reached XP level 5. HP: 23/41 MP: 0/9
  2874 | D:4      | Slain by an iguana

Illustrated notes

Levels and vault maps discovered:
D:1:      minmay_arrival_plants_in_alcoves, layout_basic, basic_ecumenical_altar
D:2:      layout_loops_ring
D:3:      layout_rooms
D:4:      layout_loops_ring, minmay_temple_entry_statues_pillars,
          portal_sewer_entry_f, minmay_shop_damaged, minmay_bisected

Skill      XL: |  1  2  3  4 |
---------------+-------------+-----
Dodging        | 2 |  2.6
Fighting       | 1 2 |  2.1
Unarmed Combat | 1 |  1.9
Spellcasting   | 3 |  3.2
Stealth        | |  1.7
Conjurations   | |  4.6

Action                   |  1- 3 |  4- 6 || total
-------------------------+-------+-------++-------
Melee: Unarmed           |   102 |    13 ||   115
       Tailslap          |    12 |     1 ||    13
       Punch             |     1 |     1 ||     2
 Cast: Magic Dart        |    61 |    10 ||    71
       Searing Ray       |    11 |     5 ||    16
  Use: Scroll            |     1 |     1 ||     2
       Potion            |     1 |       ||     1
 Stab: Sleeping          |     2 |     1 ||     3
Armor: Skin              |    43 |     4 ||    47
Dodge: Dodged            |    94 |    14 ||   108
